 Dungeon Crawl Stone Soup version 0.14-a0-2443-g5aee772 (webtiles) character file.

96 4tharraofdagon the Vexing (level 2, -4/26 HPs)
             Began as a Deep Dwarf Arcane Marksman on Feb 6, 2014.
             Slain by a killer bee (5 damage)
             ... on Level 4 of the Dungeon.
             The game lasted 00:03:09 (513 turns).

4tharraofdagon the Vexing (DDAM)                     Turns: 513, Time: 00:03:10

HP  -4/26        AC  4     Str 14      XL: 2   Next: 75%
MP   3/3         EV 12     Int 13      God:
Gold 73          SH  0     Dex 12      Spells:  1 memorised,  2 levels left

rFire  . . .     SeeInvis .     b - +0 dwarf crossbow
rCold  . . .     Clarity  .     a - +0 robe
rNeg   . . .     Conserve .     (no shield)
rPois  .         rCorr    .     (no helmet)
rElec  .         rRot     .     (no cloak)
SustAb . .       Spirit   .     p - +1 pair of dwarf gloves
rMut   .         Warding  .     (no boots)
Saprov . . .     Stasis   .     (no amulet)
MR     .....                    (no ring)
                                o - cursed ring of invisibility

@: non-regenerating, very poisoned, not resistant to hostile enchantments,
unstealthy
A: damage resistance, recharge devices, sense surroundings 1, slow healing 3
a: Device Recharging, Evoke Invisibility


You were on level 4 of the Dungeon.
You were not hungry.

You visited 1 branch of the dungeon, and saw 4 of its levels.

You collected 73 gold pieces.

Inventory:

Hand weapons
 b - a +0,+0 dwarven crossbow (weapon)
 n - a +1,+1 orcish mace of holy wrath
 u - a +2,+2 dwarven hand axe
Missiles
 c - 25 bolts (quivered)
Armour
 a - a +0 robe (worn)
 p - a +1 pair of dwarven gloves (worn)
Magical devices
 e - a wand of heal wounds (3)
Comestibles
 f - 3 bread rations
Scrolls
 g - a scroll of teleportation {unknown}
 h - 2 scrolls of blinking {unknown}
 l - 3 scrolls of remove curse {unknown}
 q - a scroll of fog {unknown}
Jewellery
 o - a cursed ring of invisibility (left hand)
Potions
 i - a potion of heal wounds {unknown}
 j - 4 potions of curing {unknown}
 k - 2 potions of speed {unknown}
 m - a potion of confusion {unknown}
 s - a potion of agility {unknown}
Books
 d - a book of Debilitation

   Spells                             Type                      Level
   *Corona                            Hexes                        1
   Slow                               Hexes                        2
   Inner Flame                        Hexes/Fire                   3
   Enslavement                        Hexes                        4
   Cause Fear                         Hexes                        4
   Leda's Liquefaction                Hexes/Earth                  4


   Skills:
 + Level 2.2 Fighting
 * Level 0.0 Axes
 - Level 2.1 Crossbows
 + Level 0.9 Armour
 - Level 2.1 Dodging
 - Level 1.0 Spellcasting
 - Level 2.4 Hexes


You had 2 spell levels left.
You knew the following spells:

 Your Spells              Type           Power        Failure   Level  Hunger
a - Corona                Hex            #......      12%         1    ##.....


Dungeon Overview and Level Annotations

Branches:
Dungeon (4/16)
 Temple: D:4-7

Altars:
Okawaru


Innate Abilities, Weirdness & Mutations

You are resistant to damage.
You can recharge devices by infusing magical energy.
You passively map a small area around you.
You do not heal naturally.


Message History

The killer bee poisons you! The killer bee stings you.
Firing (i - inventory):
c - 27 bolts (quivered)
Press: ? - help, Shift-Dir - straight line, f/p - killer bee
Aim: a killer bee (severely wounded)
You shoot a bolt. The bolt hits the killer bee.
The killer bee is almost dead.
The killer bee closely misses you. The killer bee stings you.
You are more poisoned.
The killer bee poisons you! The killer bee closely misses you.
Firing (i - inventory):
c - 26 bolts (quivered)
Press: ? - help, Shift-Dir - straight line, f/p - killer bee
Aim: a killer bee (almost dead)
You shoot a bolt. The bolt misses the killer bee.
The bolt hits the killer bee.
The killer bee is almost dead.
The killer bee stings you.
You are more poisoned.
The killer bee poisons you! The killer bee stings you!
* * * LOW HITPOINT WARNING * * *
The killer bee stings you!
You die...

##..# ###### , #..!#
......
#...###....... , *
#....k.s...... . ,,
,#zk##.........#####
,
#sk##........k#....
##k##...#######....
, #k##...# #.... +*
#@##...#######.... ,
*#.##........##....
..####...#...#.... *
,
#..###...###....)..
,
*#..##...........###
...##..#.).).#..#
...##.##.._..##.#
.....#. #...).#..# *
##.#...........#


You could see 4 killer bees, a scorpion and an orc skeleton.

Vanquished Creatures
  A worm (D:3)
  3 goblins
  4 hobgoblins
  A quokka (D:3)
  2 bats
  2 giant newts
  3 kobolds
  A rat (D:3)
17 creatures vanquished.

Notes
Turn   | Place    | Note
--------------------------------------------------------------
     0 | D:1      | 4tharraofdagon, the Deep Dwarf Arcane Marksman, began the quest for the Orb.
     0 | D:1      | Reached XP level 1. HP: 16/16 MP: 2/2
    57 | D:1      | Reached skill level 1 in Fighting
   164 | D:1      | Reached XP level 2. HP: 15/26 MP: 3/3
   468 | D:4      | Found an iron altar of Okawaru.
   492 | D:4      | Noticed a killer bee
   492 | D:4      | Noticed a killer bee
   493 | D:4      | Noticed a killer bee
   493 | D:4      | Noticed a killer bee
   493 | D:4      | Noticed a killer bee
   513 | D:4      | HP: 1/26 [killer bee (7)]
   513 | D:4      | Slain by a killer bee

Action                   || total
-------------------------++-------
 Fire: Crossbow          ||    46
Evoke: Wand              ||     2
  Use: Scroll            ||     2
